 Dungeon Crawl Stone Soup version 0.31-a0-435-g2c6fae2916 (webtiles) character file.

Game seed: 13731713541316271340

4413 randomguy2701 the Zephyrmancer (level 10, 0/53 HPs)
             Began as a Tengu Air Elementalist on Aug 2, 2023.
             Shot with an arrow by a centaur warrior (21 damage)
             ... on level 8 of the Dungeon.
             The game lasted 00:21:27 (10881 turns).

randomguy2701 the Zephyrmancer (TeAE)              Turns: 10881, Time: 00:21:27

Health: 0/53       AC:  2    Str: 15    XL:     10   Next: 36%
Magic:  21/24      EV: 16    Int: 19    God:
Gold:   471        SH:  0    Dex: 15    Spells: 23/28 levels left

rFire   . . .        p - +0 short sword
rCold   . . .        (no shield)
rNeg    . . .        a - +0 robe
rPois   .            (helmet restricted)
rElec   .            (no cloak)
rCorr   .            (no gloves)
SInv    .            (boots unavailable)
Will    .....        (no amulet)
Stlth   ++           f - +6 ring of strength
HPRegen 0.28/turn    (no ring)
MPRegen 0.19/turn

%: no passive effects
@: flying quickly and evasively, quick
A: beak, talons 3, nimble flight
a: no special abilities


You were on level 8 of the Dungeon.
You visited 1 branch of the dungeon, and saw 8 of its levels.

You collected 471 gold pieces.

Inventory:

Hand Weapons
 p - a +0 short sword (weapon)
Armour
 a - a +0 robe (worn)
Jewellery
 f - a +6 ring of strength (left hand)
 q - an amulet of faith
 F - a ring of see invisible
Wands
 m - a wand of paralysis (16)
 w - a wand of roots (24)
 E - a wand of flame (13)
 G - a wand of mindburst (22)
Scrolls
 c - 5 scrolls of identify {unknown}
 d - a scroll of brand weapon {unknown}
 g - 2 scrolls of revelation {unknown}
 i - 2 scrolls of noise {unknown}
 j - a scroll of butterflies {unknown}
 o - a scroll of poison {unknown}
 r - a scroll of vulnerability {unknown}
 u - a scroll of acquirement {unknown}
 v - 6 scrolls of teleportation {unknown}
 x - 3 scrolls of blinking {unknown}
 y - 2 scrolls of immolation {unknown}
 D - a scroll of enchant armour {unknown}
Potions
 b - a potion of magic
 e - a potion of heal wounds {unknown}
 h - a potion of lignification {unknown}
 k - 2 potions of mutation {unknown}
 l - a potion of invisibility {unknown}
 n - a potion of resistance {unknown}
 s - 2 potions of attraction {unknown}
 t - 3 potions of degeneration {unknown}
 z - 3 potions of curing {unknown}
 A - a potion of brilliance {unknown}
 B - a potion of might {unknown}
 C - a potion of berserk rage {unknown}


   Skills:
 + Level 2.0 Fighting
 + Level 3.9 Dodging
 + Level 3.7 Stealth
 + Level 9.6 Spellcasting
 - Level 1.3 Conjurations
 + Level 13.0 Air Magic


You had 23 spell levels left.
You knew the following spells:

 Your Spells              Type           Power      Damage    Failure   Level
a - Shock                 Conj/Air       100%       1d9       1%          1
b - Airstrike             Air            27%        2d(4-20)  1%          4

Your spell library contained the following spells:

 Spells                   Type           Power      Damage    Failure   Level
 Cigotuvi's Dreadful Rot  Necr/Pois/Air  50%        N/A       1%          2
 Static Discharge         Conj/Air       72%        2-5/arc   1%          2
 Swiftness                Air            55%        N/A       1%          3
 Mephitic Cloud           Conj/Pois/Air  27%        N/A       3%          3


Dungeon Overview and Level Annotations

Branches:
Dungeon (8/15)             Temple (0/1) D:4            Lair (0/5) D:8

Altars:
Sif Muna
The Shining One

Shops:
D:2 =   D:7 [   D:8 *


Innate Abilities, Weirdness & Mutations

You have a beak for a mouth.
You have claws for feet.
Your magical nature lets you fly swiftly and evasively.


Message History

The zap hits the ice dragon but does no damage.
The ice dragon is moderately wounded.
The zap hits the bullfrog!
The bullfrog is heavily wounded.
The zap hits something.
A nearby plant withers and dies.
The bullfrog misses you.
A cyclops comes into view.
The bullfrog closely misses you.
A centaur warrior comes into view.
The bullfrog closely misses you.
The bullfrog hits something!
The bullfrog hits you.
The bullfrog hits something!
The bullfrog barely misses you. The bullfrog hits you.
Something hits the plant.
The plant begins to die.
Something kicks the plant.
The bullfrog misses you.
Something hits the plant.
The bullfrog barely misses you. The bullfrog attacks as you move away!
The bullfrog barely misses you.
Casting: Shock (safe; 1% risk of failure)
Confirm with . or Enter, or press ? or * to list all spells.
Aiming: Shock (safe; 1% risk of failure)
Press: ? - help, Shift-Dir - straight line The zap hits the bullfrog.
The bullfrog is moderately wounded.
The zap hits the ice dragon but does no damage.
The ice dragon is lightly wounded.
The zap hits the centaur warrior but does no damage.
The zap hits the bullfrog!
The bullfrog is severely wounded.
The bullfrog hits you! The bullfrog closely misses you.
Unknown command.
Memorise Swiftness, consuming 3 spell levels and leaving 20?
The bullfrog closely misses you.
You start memorising the spell.
You continue memorising.
The bullfrog hits you.
Your memorisation is interrupted.
The centaur warrior attacks as you move away!
The centaur warrior hits you! The centaur warrior kicks you.
The centaur warrior wields a +0 shortbow.
The centaur warrior shoots an arrow.
The arrow hits you!!
You die...

###.....##....#...# c#
#......<.#.......##### C#
....##..#........#♣♣.♣♣ ♣♣F♣♣#
..#.###..))....#.#♣.≈.♣#♣F~≈≈#
#..#####.........#.≈≈≈.#♣cP♣
.#.#...))#.#.[...#.≈≈≈.#~♣♣♣ ♣
..#.#.....#.#..#.#.≈≈≈.#D♣♣ ♣ ♣F
..#.#.....#.##.#.#.≈~≈.#~♣♣~♣#♣.
.#.#.....#.#...#@#♣F≈~♣♣CP~≈~♣.♣♣
######..#####.....cF~≈...~P~...))
.# #.##.# #..[.#♣~≈~♣♣♣♣♣~♣♣.♣♣
## ##..## #....#.≈~≈.# ♣♣#♣)
.####.##.####....#.≈≈≈.# ♣.
.#.#.....#.#.....#.≈≈≈.# ♣
..#.#.....#.#....#.≈≈≈.#
..#.#.....#.#....#♣.≈.♣#
.#.#.....#.#...>.#♣♣.♣♣


You could see a centaur warrior and a bullfrog.

Vanquished Creatures
  5 yaks
  3 steam dragons
  A water moccasin (D:6)
  2 ice beasts
  A sky beast (D:7)
  An orc warrior (D:8)
  4 black bears
  An ogre (D:5)
  4 phantoms
  2 kobold brigands
  6 bullfrogs
  3 scorpions
  A wight (D:8)
  5 killer bees (D:8)
  5 howler monkeys
  An electric eel (D:8)
  8 orc priests
  A hound (D:4)
  A sleepcap (D:5)
  An iguana (D:5)
  7 orc wizards
  10 adders
  11 gnolls
  3 ufetubi
  4 worms
  A dart slug (D:2)
  37 orcs
  6 bats
  9 endoplasms
  10 giant cockroaches
  4 goblins
  6 hobgoblins
  3 jackals (D:1)
  20 kobolds
  4 quokkas
  7 ball pythons
  3 frilled lizards
  12 rats
213 creatures vanquished.

Notes
Turn   | Place    | Note
-------+----------+-------------------------------------------
     0 | D:1      | randomguy2701 the Tengu Air Elementalist began the quest
                  | for the Orb.
     0 | D:1      | Reached XP level 1. HP: 10/10 MP: 4/4
   203 | D:1      | Reached XP level 2. HP: 15/15 MP: 1/6
   748 | D:1      | Reached XP level 3. HP: 19/19 MP: 5/7
   839 | D:1      | Reached skill level 5 in Air Magic
  1520 | D:2      | Reached XP level 4. HP: 19/24 MP: 3/8
  1543 | D:2      | Found a glowing golden altar of the Shining One.
  2303 | D:2      | Found Goisapp's Jewellery Shoppe.
  2328 | D:2      | Reached skill level 6 in Air Magic
  2328 | D:2      | Gained mutation: Your magical nature lets you fly swiftly
                  | and evasively. [Tengu growth]
  2328 | D:2      | Reached XP level 5. HP: 28/28 MP: 1/10
  3264 | D:3      | Learned a level 4 spell: Airstrike
  3871 | D:3      | Found a shimmering blue altar of Sif Muna.
  4032 | D:4      | Noticed a black bear
  4034 | D:4      | Reached XP level 6. HP: 19/32 MP: 5/12
  4190 | D:4      | Reached skill level 7 in Air Magic
  4358 | D:4      | You are sucked into a shaft and drop 3 floors!
  4362 | D:7      | Noticed a sky beast
  4368 | D:7      | Noticed a black bear
  4373 | D:7      | Killed a black bear
  4377 | D:7      | Noticed a steam dragon
  4652 | D:7      | Found Qobaruz's Antique Armour Shoppe.
  4721 | D:6      | Reached XP level 7. HP: 26/37 MP: 6/14
  5208 | D:5      | Entered Level 5 of the Dungeon
  5228 | D:5      | Reached skill level 8 in Air Magic
  5284 | D:5      | Reached skill level 5 in Spellcasting
  5430 | D:5      | Reached skill level 1 in Fighting
  5707 | D:5      | Reached XP level 8. HP: 31/43 MP: 12/17
  5860 | D:5      | Reached skill level 9 in Air Magic
  7041 | D:4      | Found a staircase to the Ecumenical Temple.
  7183 | D:4      | Got the Parchment of Degeneration
  7270 | D:4      | Reached skill level 10 in Air Magic
  7557 | D:4      | Reached XP level 9. HP: 40/47 MP: 4/20
  8609 | D:7      | Reached skill level 11 in Air Magic
  9509 | D:8      | Reached skill level 12 in Air Magic
  9558 | D:8      | Reached XP level 10. HP: 53/53 MP: 2/24
 10249 | D:8      | Found Pineos's Assorted Antiques.
 10270 | D:8      | Found a staircase to the Lair.
 10825 | D:8      | Reached skill level 13 in Air Magic
 10861 | D:8      | Noticed an ice dragon
 10866 | D:8      | Noticed a cyclops
 10868 | D:8      | Noticed a centaur warrior
 10881 | D:8      | Shot with an arrow by a centaur warrior

Illustrated notes

Levels and vault maps discovered:
D:1:      dpeg_arrival_solitude, layout_basic, fountainhead,
          minmay_indecisive_spiral
D:2:      layout_rooms, serial_shops, shop, basic_altar,
          serial_co_window_serial, co_window_paths_b, co_window_paths_a,
          co_window_paths_a, co_window_of_opportunity_a, co_window_paths_b,
          co_window_cross_3, co_window_corner_b, co_window_paths_c,
          co_window_2corner, co_window_4corner_b, co_window_4corner_a,
          glass_columns_a, glass_columns_c, glass_columns_b, minmay_vboxes
D:3:      wander_river, layout_rooms, mainiacjoe_overflow_alcove_4
D:4:      layout_gridville, minmay_temple_entry_enclosed_plants, minmay_cupped
D:5:      layout_basic
D:6:      layout_loops_ring
D:7:      layout_loops_cross, serial_shops, nicolae_shop_overgrown_old_shop
D:8:      nzn_winding_woodlands_three_and_one
          [nzn_winding_woodlands_5x15_river_crossing,
          nzn_winding_woodlands_5x15_lazy_stream,
          nzn_winding_woodlands_5x15_sawtooth,
          nzn_winding_woodlands_center_pierced_h], layout_cave_pools,
          serial_shops, kennysheep_mini_moat, nicolae_houndstooth_variations

Skill      XL: |  1  2  3  4  5  6  7  8  9 10 |
---------------+-------------------------------+-----
Air Magic      | 5 6 7 8 10 12 13 | 13.0
Spellcasting   | 3 4 5 6 9 |  9.6
Stealth        | 3 |  3.7
Fighting       | 1 2 |  2.0
Dodging        | 3 |  3.9
Conjurations   | |  1.3

Action                     |  1- 3 |  4- 6 |  7- 9 | 10-12 || total
---------------------------+-------+-------+-------+-------++-------
  Melee: Unarmed           |     2 |       |       |       ||     2
         Kick              |     1 |     1 |     2 |     1 ||     5
         Short sword       |       |     4 |    12 |     3 ||    19
         Peck              |       |       |     1 |       ||     1
   Cast: Shock             |    78 |   144 |   260 |    73 ||   555
         Airstrike         |       |     4 |    42 |     8 ||    54
 Armour: Robe              |    10 |     2 |     8 |     4 ||    24
  Dodge: Dodged            |    14 |    21 |    49 |    53 ||   137

Table legend: (Time is in decaauts)
 A = Elapsed time spent in this place.
 B = Non-inter-level travel time spent in this place.
 C = Inter-level travel time spent in this place.
 D = Time resting spent in this place.
 E = Time spent auto-exploring this place.
 F = Levels seen in this place.
 G = Mean time per level.
                   A        B        C        D        E       F      G
               +--------+--------+--------+--------+--------+-----+--------+
         Total |  10480 |   9953 |    527 |    141 |   8507 |   8 | 1310.0 |
       Dungeon |  10480 |   9953 |    527 |    141 |   8507 |   8 | 1310.0 |
               +--------+--------+--------+--------+--------+-----+--------+

Top non-repeatable levels by time:
     D:2: 1946 daAuts
     D:5: 1514 daAuts
     D:8: 1357 daAuts
     D:1: 1337 daAuts
     D:6: 1197 daAuts
     D:4: 1187 daAuts
     D:7: 1142 daAuts
     D:3: 796 daAuts
